 Dungeon Crawl Stone Soup version 0.26-a0-926-g43279f1ce9 (webtiles) character file.

Game seed: 17966866029738770083

1050 Conn the Firebug (level 8, -3/48 HPs)
             Began as an Octopode Fire Elementalist on Nov 26, 2020.
             Was an Initiate of Sif Muna.
             Slain by a hornet zombie (12 damage)
             ... on level 6 of the Dungeon.
             The game lasted 00:16:30 (6193 turns).

Conn the Firebug (Octopode Fire Elementalist)       Turns: 6193, Time: 00:16:33

Health: -3/48      AC:  1    Str:  7    XL:     8   Next: 26%
Magic:  5/15       EV: 14    Int: 20    God:    Sif Muna [......]
Gold:   264        SH:  5    Dex: 12    Spells: 9/16 levels left

rFire    + . .     SeeInvis .   z - +2 falchion (elec)
rCold    . . .     Faith    .   (no shield)
rNeg     . . .     Spirit   .   (helmet restricted)
rPois    .         Reflect  +   v - amulet of reflection
rElec    .         Harm     .   h - ring of flight
rCorr    .         Rampage  .   n - ring of protection from fire
MR       .....                  (no ring)
Stlth    ++++......             (no ring)
HPRegen  0.16/turn              (no ring)
MPRegen  0.14/turn              (no ring)
                                (no ring)
                                (no ring)

@: no status effects
A: almost no armour, stealthy swim, amphibious, 8 rings, constrict 8, camouflage
1, gelatinous body 1
a: Renounce Religion, Evoke Flight


You were on level 6 of the Dungeon.
You worshipped Sif Muna.
Sif Muna was noncommittal.
You visited 2 branches of the dungeon, and saw 7 of its levels.

You collected 264 gold pieces.

Inventory:

Hand Weapons
 c - a +0 dagger
 e - a +1 dagger of venom
 z - a +2 falchion of electrocution (weapon)
Missiles
 l - 22 poisoned darts
 y - 8 atropa-tipped darts (quivered)
Jewellery
 d - an uncursed ring of ice
 h - a ring of flight (left tentacle)
 n - a ring of protection from fire (right tentacle)
 v - an amulet of reflection (around mantle)
Scrolls
 i - a scroll of magic mapping
 k - 2 scrolls of amnesia
 m - a scroll of identify
 s - 4 scrolls of remove curse
 x - a scroll of immolation
Potions
 a - 2 potions of curing
 b - a potion of brilliance
 f - a potion of attraction {unknown}
 g - a potion of mutation {unknown}
 j - a potion of might
 o - a potion of lignification {unknown}
 p - a potion of haste
 q - a potion of heal wounds
 r - a potion of berserk rage {unknown}
 u - 2 potions of magic {unknown}


   Skills:
 + Level 1.3 Fighting
 + Level 1.1(1.2) Short Blades
 + Level 0.4(0.9) Long Blades
 + Level 3.2 Dodging
 + Level 4.4 Stealth
 + Level 0.2 Shields
 + Level 4.8 Spellcasting
 + Level 4.0 Conjurations
 + Level 5.4 Fire Magic
 * Level 2.5 Invocations


You had 9 spell levels left.
You knew the following spells:

 Your Spells              Type           Power        Failure   Level
a - Foxfire               Conj/Fire      ###.         1%          1
b - Conjure Flame         Conj/Fire      ###.....     4%          3
c - Inner Flame           Hex/Fire       ###.....     12%         3

Your spell library contained the following spells:

 Spells                   Type           Power        Failure   Level
 Sticky Flame             Conj/Fire      ###.....     17%         4
 Fireball                 Conj/Fire      ###.......   43%         5


Dungeon Overview and Level Annotations

Branches:
Dungeon (6/15)             Temple (1/1) D:4

Altars:
Ashenzari
Dithmenos
Elyvilon
Gozag
Kikubaaqudgha
Okawaru
Sif Muna
Trog
Uskayaw
Wu Jian
Xom
The Shining One


Innate Abilities, Weirdness & Mutations

You cannot wear most types of armour.
You are very stealthy in the water. (Stealth+)
You are amphibious.
You can wear up to eight rings at the same time.
You can use your tentacles to constrict eight enemies at once.
Your skin changes colour to match your surroundings (Stealth+).
Your rubbery body absorbs attacks. (AC +1, EV +1)


Message History

You closely miss the hornet zombie. Your grab misses the hornet zombie.
The hornet zombie is moderately damaged.
The hornet zombie barely misses you.
You riposte.
You hit the hornet zombie. Your grab misses the hornet zombie.
The hornet zombie is moderately damaged.
You closely miss the hornet zombie. You grab the hornet zombie.
The hornet zombie is moderately damaged.
You constrict the hornet zombie. The hornet zombie hits you!
The hornet zombie barely misses you.
You hit the hornet zombie.
The hornet zombie is heavily damaged.
You constrict the hornet zombie. The hornet zombie closely misses you.
You hit the hornet zombie.
Lightning courses through the hornet zombie!
You squeeze the hornet zombie!
The hornet zombie is almost destroyed.
You constrict the hornet zombie. The hornet zombie hits you!
* * * LOW HITPOINT WARNING * * *
The hornet zombie hits you!
You die...

#.#.#
#.#.#
#.#.#
#.#.#
#.#.#
#.#.#
#.#)#
#Z#.#
#@[.#
#####


You could see a hornet zombie.

Vanquished Creatures
  An orc warrior (D:6)
  A sky beast (D:5)
  A big kobold (D:4)
  2 bullfrogs (D:6)
  A scorpion (D:5)
  A jelly (D:5)
  A howler monkey (D:4)
  A hound (D:4)
  A bullfrog skeleton (D:4)
  3 orc priests (D:4)
  2 orc wizards
  4 worker ants
  A howler monkey zombie (D:5)
  7 adders
  A shadow imp (D:5)
  2 oozes
  2 adder zombies
  3 worms
  3 dart slugs
  2 leopard geckos (D:1)
  16 orcs
  2 ball pythons
  5 giant cockroaches
  6 goblins
  11 hobgoblins
  16 jackals
  5 quokkas
  7 bats
  A frilled lizard (D:3)
  A jackal zombie (D:6)
  15 kobolds
  2 leopard gecko skeletons
  11 rats
138 creatures vanquished.

Vanquished Creatures (others)
  316 foxfires
316 creatures vanquished.

Grand Total: 454 creatures vanquished

Notes
Turn   | Place    | Note
-------+----------+-------------------------------------------
     0 | D:1      | Conn the Octopode Fire Elementalist began the quest for the
                  | Orb.
     0 | D:1      | Reached XP level 1. HP: 11/11 MP: 3/3
    24 | D:1      | Learned a level 1 spell: Foxfire
   114 | D:1      | Reached XP level 2. HP: 17/17 MP: 1/5
   755 | D:1      | Reached XP level 3. HP: 19/21 MP: 6/6
  1634 | D:2      | Reached XP level 4. HP: 27/27 MP: 4/7
  2399 | D:3      | Found a bloodstained altar of Trog.
  2409 | D:3      | Reached XP level 5. HP: 32/32 MP: 6/9
  2413 | D:3      | Learned a level 3 spell: Conjure Flame
  2417 | D:3      | Learned a level 3 spell: Inner Flame
  2766 | D:3      | Found a faded altar of an unknown god.
  3128 | D:3      | Found a white marble altar of Elyvilon.
  3538 | D:4      | Reached skill level 4 in Fire Magic
  3618 | D:4      | Found a shimmering altar of Xom.
  3619 | D:4      | Found a shimmering altar of Xom.
  3645 | D:4      | Reached XP level 6. HP: 36/37 MP: 11/11
  3833 | D:4      | Reached skill level 1 in Fighting
  4124 | D:4      | Found a shimmering altar of Xom.
  4126 | D:4      | Found a shimmering altar of Xom.
  4126 | D:4      | Found a shimmering altar of Xom.
  4128 | D:4      | Found a shimmering altar of Xom.
  4128 | D:4      | Found a shimmering altar of Xom.
  4178 | D:4      | Reached XP level 7. HP: 34/43 MP: 12/12
  4401 | D:4      | Found a staircase to the Ecumenical Temple.
  4456 | D:4      | Found an ornate altar of the Wu Jian Council.
  4738 | D:4      | Found a shadowy altar of Dithmenos.
  4739 | D:4      | Found a broken altar of Ashenzari.
  4862 | Temple   | Entered the Ecumenical Temple
  4923 | Temple   | Became a worshipper of Sif Muna the Loreminder
  4952 | D:5      | Entered Level 5 of the Dungeon
  5107 | D:5      | Reached skill level 1 in Short Blades
  5306 | D:5      | Reached skill level 1 in Invocations
  5514 | D:5      | Found a glowing golden altar of the Shining One.
  5514 | D:5      | Found an iron altar of Okawaru.
  5592 | D:5      | Reached skill level 5 in Fire Magic
  6046 | D:6      | Found a shadowy altar of Dithmenos.
  6088 | D:6      | Reached XP level 8. HP: 34/48 MP: 8/14
  6193 | D:6      | Slain by a hornet zombie

Illustrated notes

Levels and vault maps discovered:
D:1:      dpeg_arrival_rhombi, layout_basic
D:2:      layout_rooms
D:3:      layout_basic, lemuel_doored_altar, elyvilon_altar_1,
          chequers_ecumenical_altar_simple, supply_closet_lemuel, hex_medium,
          saegor_snake_ambush
D:4:      cheibrodos_thug_alley, layout_rooms, nicolae_xom_altar_mimics,
          gammafunk_temple_overflow_pools, kennysheep_little_box,
          temple_statues, dk_rats_in_the_wall
D:5:      layout_basic, nicolae_overflow_hidden_temple
D:6:      minmay_chambers_of_fours, layout_rooms, serial_curves, eino_curves_03,
          eino_curves_03, wad_floor_pattern_untrapped,
          chequers_serial_rivers_room_a, nicolae_dithmenos_shadow_blocks,
          uniq_menkaure, uniq_duvessa
Temple:   nicolae_temple_figure_eight

Skill      XL: |  1  2  3  4  5  6  7  8 |
---------------+-------------------------+-----
Stealth        | 3 4 |  4.4
Spellcasting   | 3 4 |  4.8
Conjurations   | 2 3 4 |  4.0
Fire Magic     | 4 5 |  5.4
Fighting       | 1 |  1.3
Dodging        | 3 |  3.2
Short Blades   | 1 |  1.1
Invocations    | 2 |  2.5
Long Blades    | |  0.4
Shields        | |  0.2

Action                   |  1- 3 |  4- 6 |  7- 9 || total
-------------------------+-------+-------+-------++-------
Melee: Unarmed           |     4 |       |       ||     4
       Constrict         |     7 |    12 |    12 ||    31
       Tentacles         |     5 |    14 |     3 ||    22
       Dagger            |    29 |    81 |    11 ||   121
       Falchion          |       |       |    23 ||    23
 Cast: Foxfire           |    34 |    92 |    59 ||   185
       Conjure Flame     |       |       |     5 ||     5
  Use: Scroll            |     3 |     5 |     3 ||    11
       Potion            |       |     1 |     7 ||     8
 Stab: Sleeping          |     8 |     3 |     2 ||    13
Armor: Skin              |     2 |     1 |     3 ||     6
Dodge: Dodged            |    30 |    78 |    50 ||   158
Block: Other             |       |     1 |    11 ||    12
       Rpst.: Falchion   |       |       |    13 ||    13

Table legend: (Time is in decaauts)
 A = Elapsed time spent in this place.
 B = Non-inter-level travel time spent in this place.
 C = Inter-level travel time spent in this place.
 D = Time resting spent in this place.
 E = Time spent auto-exploring this place.
 F = Levels seen in this place.
 G = Mean time per level.
                   A        B        C        D        E       F      G
               +--------+--------+--------+--------+--------+-----+--------+
         Total |   6174 |   6002 |    172 |    650 |   3708 |   7 |  882.0 |
       Dungeon |   6096 |   5937 |    159 |    650 |   3658 |   6 | 1016.0 |
        Temple |     78 |     66 |     12 |      0 |     50 |   1 |   78.0 |
               +--------+--------+--------+--------+--------+-----+--------+

Top non-repeatable levels by time:
     D:4: 1502 daAuts
     D:1: 1460 daAuts
     D:3: 1070 daAuts
     D:5: 1026 daAuts
     D:2: 834 daAuts
     D:6: 202 daAuts
  Temple: 78 daAuts
